 Dungeon Crawl Stone Soup version 0.25.0-33-gff14898491 (console) character file.

Game seed: 11930245522128683190

3083 Kagalorn the Covert (level 9, 0/51 HPs)
             Began as an Octopode Ice Elementalist on July 7, 2020.
             Was a Follower of Sif Muna.
             Slain by a phantom (8 damage)
             ... on level 7 of the Dungeon.
             The game lasted 00:22:00 (10141 turns).

Kagalorn the Covert (Octopode Ice Elementalist)    Turns: 10141, Time: 00:22:01

Health: 0/51       AC:  1    Str:  8    XL:     9   Next: 89%
Magic:  15/16      EV: 13    Int: 20    God:    Sif Muna [*.....]
Gold:   319        SH:  0    Dex: 12    Spells: 14/18 levels left

rFire    . . .     SeeInvis .   b - +2 short sword (elec)
rCold    + . .     Gourm    .   (no shield)
rNeg     + . .     Faith    .   (helmet restricted)
rPois    .         Spirit   .   (no amulet)
rElec    .         Reflect  .   d - ring of protection from cold
rCorr    .         Harm     .   f - ring of positive energy
MR       .....                  (no ring)
Stlth    +++++.....             (no ring)
HPRegen  0.17/turn              (no ring)
MPRegen  0.15/turn              (no ring)
                                (no ring)
                                (no ring)

@: no status effects
A: almost no armour, stealthy swim, amphibious, 8 rings, constrict 8, camouflage
1, gelatinous body 1
a: Channel Magic, Renounce Religion


You were on level 7 of the Dungeon.
You worshipped Sif Muna.
Sif Muna was aware of your devotion.
You were near starving.

You visited 2 branches of the dungeon, and saw 8 of its levels.
You also visited: Sewer.

You collected 379 gold pieces.
You spent 60 gold pieces at shops.

Inventory:

Hand Weapons
 a - a +1 short sword of venom
 b - a +2 short sword of electrocution (weapon)
Missiles
 h - 126 stones
 l - 129 arrows
 n - 47 poisoned darts (quivered)
 y - 29 sling bullets
 D - 27 bolts
 H - 4 boomerangs
Jewellery
 d - a ring of protection from cold (left tentacle)
 f - a ring of positive energy (right tentacle)
 i - an uncursed ring of ice
Wands
 F - a wand of acid (12)
 G - a wand of flame (14)
 J - a wand of digging (7)
Scrolls
 j - 4 scrolls of fear
 k - a scroll of identify
 m - 2 scrolls of fog
 o - 3 scrolls of remove curse
 q - 3 scrolls of teleportation
 r - 2 scrolls of magic mapping
 w - 3 scrolls of amnesia
 C - a scroll of enchant armour {unknown}
 E - a scroll of random uselessness {unknown}
Potions
 c - a potion of mutation {unknown}
 e - a potion of lignification {unknown}
 g - 3 potions of haste {unknown}
 p - 5 potions of magic {unknown}
 t - 3 potions of brilliance {unknown}
 u - 2 potions of curing
 v - a potion of might
 x - 2 potions of flight {unknown}
 z - a potion of heal wounds
 A - 3 potions of ambrosia {unknown}
 B - a potion of stabbing
 I - a potion of resistance {unknown}
Comestibles
 s - 7 rations


   Skills:
 - Level 2.0 Dodging
 - Level 10.0 Stealth
 - Level 5.0 Spellcasting
 - Level 8.0 Ice Magic
 + Level 8.6 Invocations


You had 14 spell levels left.
You knew the following spells:

 Your Spells              Type           Power        Failure   Level  Hunger
a - Freeze                Ice            ####         1%          1    None
b - Frozen Ramparts       Ice            #####.       1%          3    ##.....

Your spell library contained the following spells:

 Spells                   Type           Power        Failure   Level  Hunger
 Ozocubu's Armour         Chrm/Ice       ###.....     7%          3    ##.....
 Hailstorm                Conj/Ice       ###.....     22%         4    ####...
 Summon Ice Beast         Ice/Summ       ###.....     22%         4    ####...


Dungeon Overview and Level Annotations

Branches:
Dungeon (7/15)             Temple (1/1) D:4           Sewer (visited)

Altars:
Ashenzari
Cheibriados
Elyvilon
Fedhas
Gozag
Kikubaaqudgha
Makhleb
Nemelex Xobeh
Okawaru
Qazlal
Ru
Sif Muna
Trog
Uskayaw
Vehumet
Wu Jian
Xom
Yredelemnul
Zin
The Shining One

Shops:
D:4 *   D:5 *


Innate Abilities, Weirdness & Mutations

You cannot wear most types of armour.
You are very stealthy in the water. (Stealth+)
You are amphibious.
You can wear up to eight rings at the same time.
You can use your tentacles to constrict eight enemies at once.
Your skin changes colour to match your surroundings (Stealth+).
Your rubbery body absorbs attacks. (AC +1, EV +1)


Message History

You are too injured to fight recklessly!
You are too injured to fight recklessly!
You hit the phantom.
The phantom is severely damaged.
The phantom hits you!
The phantom blinks!
The phantom blinks!
You miss the phantom.
The phantom is severely damaged.
The phantom hits you.
The phantom blinks!
The phantom hits you.
The phantom blinks!
The phantom blinks!
You hit the phantom but do no damage. You squeeze the phantom.
The phantom is severely damaged.
The phantom hits you!
You completely miss the phantom. You squeeze the phantom.
The phantom is severely damaged.
The phantom hits you!
* * * LOW HITPOINT WARNING * * *
The phantom hits you!
You die...

......##....#...............#(
......#.....#...............(.###
.................[...............
#....##.#..##.....(.<..?.....##..
......#.#..##....(#.#........# #
..###.............####.#.....# #
....#...##.#......## ###.....# #
##...##..#.###...).# #....## ##
#.........# ##.@W########..####.
###......#.###........##.........
#.......##..#......#.......#####.
#...........#.##..###.#.#.## #...
....##........#...###.###..###...
......##.......##..#...##..##....
.........##.... ##..#.###.###....
###.......#... #....##..###....
###........... ##..............


You could see a phantom.

Vanquished Creatures
  Pikel (D:6)
  Menkaure (D:6)
  2 orc warriors (D:6)
  A phantom (D:7)
  An ice beast (D:5)
  2 eyes of draining (D:5)
  2 ogres
  A centaur (D:7)
  A big kobold (D:7)
  3 bullfrogs
  3 scorpions
  A howler monkey (D:6)
  3 crimson imps
  3 hounds
  Crazy Yiuf (D:6)
  5 orc priests
  3 orc wizards
  An iguana (D:7)
  An iron imp (D:6)
  7 worker ants
  A hound zombie (D:5)
  A hound skeleton (D:5)
  Robin (D:4)
  10 adders
  10 gnolls
  7 river rats (Sewer)
  A shadow imp (D:6)
  2 oozes (D:3)
  5 worms
  6 dart slugs
  5 leopard geckos
  19 orcs
  6 bats
  11 giant cockroaches
  9 hobgoblins
  2 jackals (D:2)
  13 kobolds
  2 quokkas
  12 ball pythons
  15 frilled lizards
  19 goblins
  A jackal skeleton (D:4)
  34 rats
  A fungus (D:6)
236 creatures vanquished.

Vanquished Creatures (others)
  2 slaves (D:6)
  A sky beast (D:6)
  2 gnolls (D:6)
5 creatures vanquished.

Grand Total: 241 creatures vanquished

Notes
Turn   | Place    | Note
-------+----------+-------------------------------------------
     0 | D:1      | Kagalorn the Octopode Ice Elementalist began the quest for
                  | the Orb.
     0 | D:1      | Reached XP level 1. HP: 11/11 MP: 3/3
   104 | D:1      | Reached XP level 2. HP: 6/17 MP: 1/5
   129 | D:1      | Reached skill level 3 in Stealth
   953 | D:1      | Reached XP level 3. HP: 19/21 MP: 2/6
  1875 | D:2      | Reached XP level 4. HP: 15/27 MP: 5/8
  1889 | D:2      | Learned a level 3 spell: Frozen Ramparts
  2621 | D:3      | Found a shimmering altar of Xom.
  2804 | D:3      | Reached skill level 4 in Stealth
  2804 | D:3      | Reached XP level 5. HP: 31/31 MP: 5/10
  2809 | D:3      | Reached skill level 5 in Ice Magic
  2963 | D:3      | Found a glowing drain.
  2967 | Sewer    | Entered a sewer
  3551 | Sewer    | Reached XP level 6. HP: 36/36 MP: 11/11
  3942 | Sewer    | Reached skill level 5 in Stealth
  4267 | D:3      | Reached XP level 7. HP: 11/41 MP: 9/13
  5204 | D:4      | Noticed Robin
  5225 | D:4      | Killed Robin
  5259 | D:4      | Found a staircase to the Ecumenical Temple.
  5278 | Temple   | Entered the Ecumenical Temple
  5404 | Temple   | Became a worshipper of Sif Muna the Loreminder
  5463 | D:4      | Found Furiczem's General Store.
  5493 | D:4      | Reached skill level 5 in Spellcasting
  5575 | D:4      | Bought a potion of heal wounds for 60 gold pieces
  5725 | D:5      | Entered Level 5 of the Dungeon
  5725 | D:5      | Found Gozag's Platinum Reserve.
  5725 | D:5      | Found an opulent altar of Gozag.
  5749 | D:5      | Reached skill level 6 in Stealth
  6136 | D:5      | Found a bloodstained altar of Trog.
  6161 | D:5      | Reached skill level 1 in Invocations
  6161 | D:5      | Reached XP level 8. HP: 46/46 MP: 2/15
  6594 | D:5      | Found a sacrificial altar of Ru.
  6853 | D:5      | Reached skill level 7 in Stealth
  7026 | D:5      | Found a sparkling altar of Nemelex Xobeh.
  7246 | D:5      | Found a white marble altar of Elyvilon.
  7321 | D:5      | Found a basalt altar of Yredelemnul.
  7545 | D:6      | Reached * piety under Sif Muna
  7600 | D:6      | Noticed Menkaure
  7616 | D:6      | Killed Menkaure
  7617 | D:6      | Reached skill level 8 in Stealth
  8080 | D:6      | Reached XP level 9. HP: 20/51 MP: 12/16
  8297 | D:6      | Reached skill level 9 in Stealth
  8416 | D:6      | Noticed Pikel
  8449 | D:6      | Killed Pikel
  8449 | D:6      | Reached skill level 10 in Stealth
  8449 | D:6      | Reached skill level 5 in Invocations
  8527 | D:6      | Found a snail-covered altar of Cheibriados.
  9069 | D:6      | Found a runed translucent door.
  9070 | D:6      | Noticed Crazy Yiuf
  9077 | D:6      | Killed Crazy Yiuf
 10040 | D:7      | Found a burning altar of Makhleb.
 10041 | D:7      | Found a radiant altar of Vehumet.
 10141 | D:7      | Slain by a phantom

Illustrated notes

Levels and vault maps discovered:
D:1:      lightli_arrival_statue_moat, layout_rooms, minmay_lizard_pond
D:2:      layout_loops_ring
D:3:      layout_basic, xom_teletrap_fun, gup_sewer_entry_bowl, first_ration
D:4:      layout_basic, minmay_temple_entry_tees, serial_shops, shop, uniq_robin
D:5:      layout_basic, kennysheep_ying_yang, nemelex_xobeh_ov_fountains_minmay,
          nicolae_ru_great_annihilating_truth, trog_eyes_of_draining,
          nicolae_gozag_zags_fifth_avenue
D:6:      layout_basic, slow_altar_2, uniq_crazy_yiuf_cottage, uniq_pikel,
          uniq_menkaure
D:7:      layout_cave_pools, grunt_temple_overflow_lords_of_destruction
Temple:   cyrus_temple_forest

Skill      XL: |  1  2  3  4  5  6  7  8  9 |
---------------+----------------------------+-----
Stealth        | 3 4 5 6 8 10 | 10.0
Spellcasting   | 3 4 5 |  5.0
Ice Magic      | 5 7 8 |  8.0
Invocations    | 1 4 8 |  8.6
Dodging        | |  2.0

Action                   |  1- 3 |  4- 6 |  7- 9 || total
-------------------------+-------+-------+-------++-------
Melee: Unarmed           |    23 |       |       ||    23
       Constrict         |    14 |    18 |    45 ||    77
       Tentacles         |     8 |     9 |    31 ||    48
       Short sword       |    24 |    96 |   169 ||   289
Throw: Stone             |     2 |       |     1 ||     3
       Dart              |       |       |    14 ||    14
 Cast: Freeze            |    35 |    23 |     2 ||    60
       Frozen Ramparts   |       |     8 |    37 ||    45
  Use: Potion            |       |     2 |       ||     2
       Scroll            |       |       |    10 ||    10
 Stab: Sleeping          |    12 |    11 |    17 ||    40
       Distracted        |       |       |     2 ||     2
  Eat: Chunk             |     2 |     9 |    15 ||    26
       Ration            |       |       |     1 ||     1
Armor: Skin              |     1 |    17 |     6 ||    24
Dodge: Dodged            |    32 |    83 |    89 ||   204
